 Dungeon Crawl Stone Soup version 0.19-a0-1058-g5566a1a (webtiles) character file.

77 towersofbeng the Grave Robber (level 4, -3/30 HPs)
             Began as a Human Necromancer on Aug 2, 2016.
             Slain by an orc
             ... wielding a +0 short sword
              (4 damage)
             ... on level 4 of the Dungeon.
             The game lasted 00:08:03 (2302 turns).

towersofbeng the Grave Robber (Human Necromancer)   Turns: 2302, Time: 00:08:04

Health: -3/30      AC:  2    Str:  9    XL:     4   Next: 58%
Magic:  2/8        EV: 12    Int: 16    God:
Gold:   102        SH:  0    Dex: 13    Spells: 2 memorised, 4 levels left

rFire  . . .     SeeInvis .     f - +0 short sword
rCold  . . .     Gourm    .     a - +0 robe
rNeg   . . .     Faith    .     (no shield)
rPois  .         Spirit   .     (no helmet)
rElec  .         Dismiss  .     (no cloak)
rCorr  .         Reflect  .     (no gloves)
SustAt .         Harm     .     (no boots)
MR     .....                    (no amulet)
Stlth  ++........               (no ring)
                                (no ring)

@: slowed, very slow, not resistant to hostile enchantments, unstealthy
A: no striking features
a: no special abilities


You were on level 4 of the Dungeon.
You were not hungry.

You visited 1 branch of the dungeon, and saw 4 of its levels.

You collected 102 gold pieces.

Inventory:

Hand Weapons
 f - a +0 short sword (weapon)
Missiles
 h - 2 javelins of penetration (quivered)
 s - 2 throwing nets
Armour
 a - a +0 robe (worn)
 j - a +0 buckler
Scrolls
 e - a scroll of fear {unknown}
 i - 4 scrolls of identify {unknown}
 k - a scroll of teleportation {unknown}
 l - a scroll of enchant armour {unknown}
 m - a scroll of remove curse {unknown}
 r - a scroll of blinking {unknown}
Potions
 d - a potion of brilliance {unknown}
 g - 2 potions of invisibility {unknown}
 o - a potion of lignification {unknown}
 q - a potion of flight {unknown}
Books
 b - a book of Necromancy

   Spells                             Type                      Level
   a - Pain                           Necromancy                   1
   b - Animate Skeleton               Necromancy                   1
   c - Vampiric Draining              Necromancy                   3
   d - Regeneration                   Charms/Necromancy            3
   e - Animate Dead                   Necromancy                   4
   f - Control Undead                 Necromancy                   4
Comestibles
 c - 2 bread rations
 n - a royal jelly
 p - a meat ration


   Skills:
 + Level 0.2 Throwing
 + Level 2.2 Dodging
 + Level 2.1 Stealth
 + Level 3.0 Spellcasting
 + Level 4.7 Necromancy


You had 4 spell levels left.
You knew the following spells:

 Your Spells              Type           Power        Failure   Level  Hunger
a - Pain                  Necr           ###.         2%          1    #......
b - Animate Dead          Necr           N/A          28%         4    #####..


Dungeon Overview and Level Annotations

Branches:
Dungeon (4/15)
 Temple: D:4-7

Altars:
Uskayaw


Message History

* * * LOW HITPOINT WARNING * * *
The orc wizard points at you and mumbles some strange words.
The magic dart hits you!
* * * LOW HITPOINT WARNING * * *
You climb downwards.
A giant gecko comes into view.
There is a stone staircase leading up here.
Casting: Pain
Confirm with . or Enter, or press ? or * to list all spells.
Aiming: Pain
Press: ? - help, Shift-Dir - straight line, f - orc
Aim: an orc, wielding a short sword (chance to defeat MR: 93%)
The orc convulses in agony!
The orc misses you. x2
Casting: Pain
Confirm with . or Enter, or press ? or * to list all spells.
Aiming: Pain
Press: ? - help, Shift-Dir - straight line, f/p - orc
Aim: an orc, wielding a short sword (heavily wounded, chance to defeat MR: 93%)
The orc barely resists.
The orc hits you with a short sword.
You die...

.. . .. ..
.## ... #..#
.... ...#
..... ... .#
......##.#..#
#...o@..#
#...#####...#
# .l... ....
... #.


You could see an orc and a giant gecko (sleeping).

Vanquished Creatures
  2 adders (D:2)
  2 dart slugs
  4 giant geckos
  4 giant cockroaches
  9 goblins
  6 hobgoblins
  2 ball pythons
  9 bats
  8 kobolds
  3 rats
49 creatures vanquished.

Notes
Turn   | Place    | Note
-------+----------+-------------------------------------------
     0 | D:1      | towersofbeng the Human Necromancer began the quest for the Orb.
     0 | D:1      | Reached XP level 1. HP: 13/13 MP: 3/3
   131 | D:1      | Reached XP level 2. HP: 13/19 MP: 0/5
   694 | D:1      | Reached XP level 3. HP: 24/24 MP: 4/6
  1547 | D:2      | Found a hide-covered altar of Uskayaw.
  1551 | D:2      | Reached XP level 4. HP: 28/30 MP: 4/8
  1729 | D:2      | Learned a level 4 spell: Animate Dead
  2302 | D:4      | Slain by an orc

Vault maps used:
D:1:      dpeg_arrival_snail
D:2:      eat_drink_and_be_merry_uskayaw
D:3:      roderic_lattice_a, hangedman_ru_absence
D:4:      kennysheep_mini_moat, first_bread, uniq_natasha

Skill      XL: |  1  2  3  4 |
---------------+-------------+-----
Spellcasting   | 3 |  3.0
Throwing       | |  0.2
Dodging        | |  2.2
Stealth        | |  2.1
Necromancy     | |  4.7

Action                   |  1- 3 |  4- 6 || total
-------------------------+-------+-------++-------
Melee: Short sword       |     8 |     3 ||    11
Throw: Javelin           |     3 |     2 ||     5
 Cast: Pain              |    72 |    39 ||   111
       Animate Dead      |       |     1 ||     1
  Use: Potion            |       |     1 ||     1
  Eat: Chunk             |     1 |     1 ||     2
       Bread ration      |     1 |       ||     1
Armor: Robe              |     7 |     3 ||    10
Dodge: Dodged            |    11 |     7 ||    18
